PA
ALAMEDA AIRMEN @ WALLA WALLA WALLEYE
07/16/2025
 
TOP OF THE 1ST
Alameda Airmen batting - Pitching for Walla Walla Walleye : LHP Bennett Garland
Pitching: LHP Bennett Garland
Batting: LHB Juan Ledezma 0-0: Called Strike
0-1: Ball
1-1: DOUBLE (Flyball, 8RD)
Batting: RHB Mario Salazar 0-0: Ball
1-0: SINGLE (Line Drive, 4D)
Juan Ledezma to third
Batting: RHB Fernando Trinidad 0-0: Ball
1-0: Called Strike
1-1: Ball
2-1: Foul Ball, location: 2F
2-2: Ball
3-2: SINGLE (Flyball, 6MD)
Juan Ledezma scores
Mario Salazar to second
Runner from 2nd tries for 3rd, SAFE, throw made to third
Batting: RHB Bryant Skelly 0-0: Foul Ball, location: 2F
0-1: Ball
1-1: Ball
2-1: Swinging Strike
2-2: Ball
3-2: Strikes out swinging
Fernando Trinidad steals 2nd base
Batter strikes out.
Batting: LHB Enrique Vásquez 0-0: Ball
1-0: Ball
2-0: Ball
3-0: Called Strike
3-1: Swinging Strike
3-2: Strikes out swinging
Batting: RHB Teobaldo Pasquetto 0-0: Ground out 6-3 (Groundball, 6)
Top of the 1st over - 1 run(s), 3 hit(s), 0 error(s), 2 left on base; Alameda 1 - Walla Walla 0
BOTTOM OF THE 1ST
Walla Walla Walleye batting - Pitching for Alameda Airmen : RHP Mal Houser
Pitching: RHP Mal Houser
Batting: RHB Jim Brooks 0-0: Called Strike
0-1: Foul Ball, location: 2F
0-2: Fly out, F8 (Flyball, 8RM)
Batting: RHB Isuru Tanaka 0-0: Called Strike
0-1: Foul Ball, location: 2F
0-2: Foul Ball, location: 2F
0-2: Strikes out swinging
Batting: RHB Jing-sheng Joo 0-0: Swinging Strike
0-1: Ball
1-1: SINGLE (Groundball, 6MD)
Batting: LHB Juan Aranda 0-0: Foul Ball, location: 2F
0-1: Foul Ball, location: 2F
0-2: Foul Ball, location: 2F
0-2: Ball
1-2: Ball
2-2: Fly out, F8 (Flyball, 8LM)
Bottom of the 1st over - 0 run(s), 1 hit(s), 0 error(s), 1 left on base; Alameda 1 - Walla Walla 0
TOP OF THE 2ND
Alameda Airmen batting - Pitching for Walla Walla Walleye : LHP Bennett Garland
Batting: RHB Juan Costello 0-0: SINGLE (Groundball, 5D)
Batting: RHB Javier Marino 0-0: Foul Ball, location: 2F
0-1: Ball
1-1: Foul Ball, location: 2F
1-2: Ball
2-2: Ball
3-2: Strikes out swinging
Batting: LHB Bob Maher 0-0: Called Strike
0-1: Ball
1-1: Called Strike
1-2: Ball
2-2: Foul Ball, location: 2F
2-2: Strikes out swinging
Batting: LHB Juan Ledezma 0-0: Foul Ball, location: 2F
0-1: Ball
1-1: Ball
2-1: DOUBLE (Flyball, 78M)
Juan Costello to third
Runner from 3rd tries for Home, SAFE, throw made at trailing runner, OUT at third!
Top of the 2nd over - 1 run(s), 2 hit(s), 0 error(s), 0 left on base; Alameda 2 - Walla Walla 0
BOTTOM OF THE 2ND
Walla Walla Walleye batting - Pitching for Alameda Airmen : RHP Mal Houser
Batting: RHB Joe Dundee 0-0: Ball
1-0: Called Strike
1-1: Ball
2-1: Foul Ball, location: 2F
2-2: Strikes out looking
Batting: LHB Gareth Monahan 0-0: Called Strike
0-1: Ball
1-1: Swinging Strike
1-2: Foul Ball, location: 2F
1-2: Foul Ball, location: 2F
1-2: Strikes out swinging
Batting: SHB António Zúñiga 0-0: Foul Ball, location: 2F
0-1: Ball
1-1: Ball
2-1: Swinging Strike
2-2: Strikes out swinging
Bottom of the 2nd over - 0 run(s), 0 hit(s), 0 error(s), 0 left on base; Alameda 2 - Walla Walla 0
TOP OF THE 3RD
Alameda Airmen batting - Pitching for Walla Walla Walleye : LHP Bennett Garland
Batting: RHB Mario Salazar 0-0: Ball
1-0: Reached on error, E8 (Flyball, 8RM)
Batting: RHB Fernando Trinidad 0-0: Ball
1-0: Called Strike
1-1: Foul Ball, location: 2F
1-2: SINGLE (Groundball, 6D)
Mario Salazar to second
Batting: RHB Bryant Skelly 0-0: Called Strike
0-1: Ball
1-1: Foul Ball, location: 2F
1-2: Ball
2-2: Foul Ball, location: 2F
2-2: Fly out, F9 (Flyball, 9)
Batting: LHB Enrique Vásquez 0-0: Ball
1-0: Foul Ball, location: 2F
1-1: Fly out, F9 (Line Drive, 9)
Batting: RHB Teobaldo Pasquetto 0-0: Fielders Choice at 2nd, 5-4 (Groundball, 56)
Top of the 3rd over - 0 run(s), 1 hit(s), 1 error(s), 1 left on base; Alameda 2 - Walla Walla 0
BOTTOM OF THE 3RD
Walla Walla Walleye batting - Pitching for Alameda Airmen : RHP Mal Houser
Batting: RHB Juan Martínez 0-0: Fly out, F8 (Flyball, 8RD)
Batting: RHB Randolph Descoteaux 0-0: Called Strike
0-1: SINGLE (Line Drive, 89S)
Batting: RHB Jim Brooks 0-0: Called Strike
0-1: Foul Ball, location: 2F
0-2: Grounds into double play, 4-6-3 (Groundball, 4M)
Bottom of the 3rd over - 0 run(s), 1 hit(s), 0 error(s), 0 left on base; Alameda 2 - Walla Walla 0
TOP OF THE 4TH
Alameda Airmen batting - Pitching for Walla Walla Walleye : LHP Bennett Garland
Batting: RHB Juan Costello 0-0: Ball
1-0: Called Strike
1-1: Ground out 6-3 (Groundball, 6)
Batting: RHB Javier Marino 0-0: Called Strike
0-1: Swinging Strike
0-2: Ball
1-2: Ball
2-2: Fly out, F9 (Flyball, 9S)
Batting: LHB Bob Maher 0-0: Ball
1-0: Ball
2-0: Foul Ball, location: 2F
2-1: Ball
3-1: Called Strike
3-2: Strikes out swinging
Top of the 4th over - 0 run(s), 0 hit(s), 0 error(s), 0 left on base; Alameda 2 - Walla Walla 0
BOTTOM OF THE 4TH
Walla Walla Walleye batting - Pitching for Alameda Airmen : RHP Mal Houser
Batting: RHB Isuru Tanaka 0-0: Foul Ball, location: 2F
0-1: Ball
1-1: Ball
2-1: Ball
3-1: Bunt for hit - play at first, batter OUT! 3-4
Batting: RHB Jing-sheng Joo 0-0: Ball
1-0: Ball
2-0: Ball
3-0: Base on Balls
Batting: LHB Juan Aranda 0-0: Ball
Jing-sheng Joo steals 2nd base
1-0: Swinging Strike
1-1: Ball
2-1: Swinging Strike
2-2: Fly out, F9 (Flyball, 9S)
Batting: RHB Joe Dundee 0-0: Ball
1-0: Ground out 5-3 (Groundball, 5)
Bottom of the 4th over - 0 run(s), 0 hit(s), 0 error(s), 1 left on base; Alameda 2 - Walla Walla 0
TOP OF THE 5TH
Alameda Airmen batting - Pitching for Walla Walla Walleye : LHP Bennett Garland
Batting: LHB Juan Ledezma 0-0: Called Strike
0-1: Swinging Strike
0-2: SINGLE (Groundball, 34S) (infield hit)
Batting: RHB Mario Salazar 0-0: Sac Bunt - play at first, batter OUT! U3
Juan Ledezma to second
Batting: RHB Fernando Trinidad 0-0: Called Strike
Juan Ledezma steals 3rd base
0-1: Swinging Strike
0-2: Fly out, F9 (Flyball, 9)
Runner from 3rd tags up, SCORES, no throw
Batting: RHB Bryant Skelly 0-0: Swinging Strike
0-1: Ball
1-1: Called Strike
1-2: Strikes out looking
Top of the 5th over - 1 run(s), 1 hit(s), 0 error(s), 0 left on base; Alameda 3 - Walla Walla 0
BOTTOM OF THE 5TH
Walla Walla Walleye batting - Pitching for Alameda Airmen : RHP Mal Houser
Batting: LHB Gareth Monahan 0-0: Called Strike
0-1: Fly out, F7 (Flyball, 7)
Batting: SHB António Zúñiga 0-0: Ball
1-0: Called Strike
1-1: Ball
2-1: Swinging Strike
2-2: Ball
3-2: Base on Balls
Batting: RHB Juan Martínez 0-0: Fly out, F3 (Line Drive, 3S)
Lined into DP, U3 (Line Drive, 3S)
Bottom of the 5th over - 0 run(s), 0 hit(s), 0 error(s), 0 left on base; Alameda 3 - Walla Walla 0
TOP OF THE 6TH
Alameda Airmen batting - Pitching for Walla Walla Walleye : LHP Bennett Garland
Batting: LHB Enrique Vásquez 0-0: Called Strike
0-1: SINGLE (Flyball, 89S)
Batting: RHB Teobaldo Pasquetto 0-0: Ball
1-0: Sac Bunt - play at first, batter OUT! 3-4
Enrique Vásquez to second
Batting: RHB Juan Costello 0-0: Ball
1-0: Ball
2-0: Foul Ball, location: 2F
2-1: Swinging Strike
2-2: SINGLE (Flyball, 9LS)
Enrique Vásquez to third
Batting: RHB Javier Marino 0-0: Foul Ball, location: 2F
0-1: Called Strike
0-2: Foul Ball, location: 2F
0-2: Strikes out looking
Batting: LHB Bob Maher 0-0: Called Strike
0-1: Foul Ball, location: 2F
0-2: Ball
1-2: Foul Ball, location: 2F
1-2: Fly out, F3 (Line Drive, 3)
Top of the 6th over - 0 run(s), 2 hit(s), 0 error(s), 2 left on base; Alameda 3 - Walla Walla 0
BOTTOM OF THE 6TH
Walla Walla Walleye batting - Pitching for Alameda Airmen : RHP Mal Houser
Batting: RHB Randolph Descoteaux 0-0: Ball
1-0: Fly out, F9 (Flyball, 9LS)
Batting: RHB Jim Brooks 0-0: Foul Ball, location: 2F
0-1: Ball
1-1: SINGLE (Groundball, 4MD) (infield hit)
Batting: RHB Isuru Tanaka 0-0: Called Strike
0-1: Ball
1-1: Swinging Strike
Jim Brooks is caught stealing 2nd base
1-2: Foul Ball, location: 2F
1-2: Foul Ball, location: 2F
1-2: Ball
2-2: Ball
3-2: Ground out 4-3 (Groundball, 4)
Bottom of the 6th over - 0 run(s), 1 hit(s), 0 error(s), 0 left on base; Alameda 3 - Walla Walla 0
TOP OF THE 7TH
Alameda Airmen batting - Pitching for Walla Walla Walleye : LHP Bennett Garland
Pitching: LHP Reid Garrett
Batting: LHB Juan Ledezma 0-0: Ball
1-0: Ground out 4-3 (Groundball, 34)
Batting: RHB Mario Salazar 0-0: Ball
1-0: Ball
2-0: Ball
3-0: Base on Balls
Batting: RHB Fernando Trinidad 0-0: Ball
1-0: Foul Ball, location: 2F
1-1: Called Strike
1-2: Ball
Mario Salazar is caught stealing 2nd base
2-2: Foul Ball, location: 2F
2-2: Ball
3-2: Foul Ball, location: 2F
3-2: Reached on error, E4 (Groundball, 4)
Batting: RHB Bryant Skelly 0-0: Ball
1-0: Called Strike
1-1: Fly out, F4 (Line Drive, 4M)
Top of the 7th over - 0 run(s), 0 hit(s), 1 error(s), 1 left on base; Alameda 3 - Walla Walla 0
BOTTOM OF THE 7TH
Walla Walla Walleye batting - Pitching for Alameda Airmen : RHP Mal Houser
Batting: RHB Jing-sheng Joo 0-0: Called Strike
0-1: Foul Ball, location: 2F
0-2: Strikes out swinging
Batting: LHB Juan Aranda 0-0: Foul Ball, location: 2F
0-1: Called Strike
0-2: Ball
1-2: Fly out, F8 (Flyball, 8RD)
Batting: RHB Joe Dundee 0-0: Ball
1-0: SINGLE (Groundball, 56D)
Batting: LHB Gareth Monahan 0-0: Foul Ball, location: 2F
0-1: Ball
1-1: Foul Ball, location: 2F
1-2: Ball
2-2: Ball
3-2: Foul Ball, location: 2F
3-2: Foul Ball, location: 2F
3-2: Ground out 4-3 (Groundball, 4)
Bottom of the 7th over - 0 run(s), 1 hit(s), 0 error(s), 1 left on base; Alameda 3 - Walla Walla 0
TOP OF THE 8TH
Alameda Airmen batting - Pitching for Walla Walla Walleye : LHP Reid Garrett
Batting: LHB Enrique Vásquez 0-0: Called Strike
0-1: DOUBLE (Line Drive, 9LM)
Batting: RHB Teobaldo Pasquetto 0-0: Intentional Walk
Batting: RHB Juan Costello 0-0: Foul Ball, location: 2F
0-1: Ball
1-1: Swinging Strike
1-2: Strikes out looking
Batting: RHB Javier Marino 0-0: Ball
1-0: Called Strike
1-1: Foul Ball, location: 2F
1-2: Strikes out looking
Batting: LHB Bob Maher 0-0: Ball
1-0: Ball
2-0: Ball
3-0: Called Strike
3-1: Fly out, F6 (Popup, 6MD)
Top of the 8th over - 0 run(s), 1 hit(s), 0 error(s), 2 left on base; Alameda 3 - Walla Walla 0
BOTTOM OF THE 8TH
Walla Walla Walleye batting - Pitching for Alameda Airmen : RHP Mal Houser
Pitching: LHP Billy Mays
Batting: SHB António Zúñiga 0-0: Called Strike
0-1: Swinging Strike
0-2: Ball
1-2: Strikes out swinging
Batting: RHB Juan Martínez 0-0: Called Strike
0-1: Ball
1-1: Foul Ball, location: 2F
1-2: Ball
2-2: Foul Ball, location: 2F
2-2: Ground out 5-3 (Groundball, 56S)
Batting: RHB Randolph Descoteaux 0-0: Ball
1-0: Fly out, F7 (Flyball, 7LS)
Bottom of the 8th over - 0 run(s), 0 hit(s), 0 error(s), 0 left on base; Alameda 3 - Walla Walla 0
TOP OF THE 9TH
Alameda Airmen batting - Pitching for Walla Walla Walleye : LHP Reid Garrett
Pitching: RHP Jim Unknown
Batting: LHB Juan Ledezma 0-0: Called Strike
0-1: Swinging Strike
0-2: Ball
1-2: Foul Ball, location: 2F
1-2: Strikes out swinging
Batting: RHB Mario Salazar 0-0: Foul Ball, location: 2F
0-1: Ground out 4-3 (Groundball, 4)
Batting: RHB Fernando Trinidad 0-0: Called Strike
0-1: Swinging Strike
0-2: Fly out, F8 (Flyball, 8RM)
Top of the 9th over - 0 run(s), 0 hit(s), 0 error(s), 0 left on base; Alameda 3 - Walla Walla 0
BOTTOM OF THE 9TH
Walla Walla Walleye batting - Pitching for Alameda Airmen : LHP Billy Mays
Pitching: RHP Reynaldo Maestas
Batting: RHB Jim Brooks 0-0: Called Strike
0-1: Ball
1-1: Swinging Strike
1-2: Ball
2-2: Ball
3-2: SINGLE (Groundball, 56S) (infield hit)
Batting: RHB Isuru Tanaka 0-0: Ball
1-0: Foul Ball, location: 2F
1-1: Ball
2-1: Foul Ball, location: 2F
2-2: Strikes out looking
Batting: RHB Jing-sheng Joo 0-0: Ball
1-0: Ball
2-0: Ball
3-0: Called Strike
3-1: 2-RUN HOME RUN (Flyball, 7LD), Distance : 364 ft
Batting: LHB Juan Aranda 0-0: Called Strike
0-1: Swinging Strike
0-2: Fly out, F7 (Flyball, 78M)
Batting: RHB Joe Dundee 0-0: Foul Ball, location: 2F
0-1: Swinging Strike
0-2: Ball
1-2: Fly out, F8 (Flyball, 8LM)
Bottom of the 9th over - 2 run(s), 2 hit(s), 0 error(s), 0 left on base; Alameda 3 - Walla Walla 2
Friday, December 30th, 2016 - OOTP Baseball 17.12 Build 75